 Dungeon Crawl Stone Soup version 0.31-a0-1068-g5939ac1fb6 (webtiles) character file.

Game seed: 400042733755486707

27 kae the Vexing (level 2, 0/20 HPs)
             Began as a Demonspawn Enchanter on Nov 24, 2023.
             Slain by a gnoll
             ... wielding a +0 club
              (3 damage)
             ... on level 1 of the Dungeon.
             The game lasted 00:00:49 (721 turns).

kae the Vexing (Demonspawn Enchanter)                Turns: 721, Time: 00:00:49

Health: 0/20       AC:  2    Str:  8    XL:     2   Next: 93%
Magic:  1/5        EV: 11    Int: 16    God:
Gold:   52         SH:  4    Dex: 13    Spells: 3/5 levels left

rFire   . . .        a - +1 dagger
rCold   . . .        d - +0 buckler
rNeg    . . .        b - +0 robe
rPois   .            (no helmet)
rElec   .            (no cloak)
rCorr   .            (no gloves)
SInv    .            (no boots)
Will    .....        (no amulet)
Stlth   ++           (no ring)
HPRegen 0.23/turn    (no ring)
MPRegen 0.09/turn

%: no passive effects
@: very slightly contaminated
A: powered by pain 1
a: no special abilities


You were on level 1 of the Dungeon.
You visited 1 branch of the dungeon, and saw 1 of its levels.

You collected 52 gold pieces.


Innate Abilities, Weirdness & Mutations

You sometimes gain a little power by taking damage.


   Skills:
 + Level 0.3 Fighting
 * Level 1.2 Short Blades
 + Level 2.0 Dodging
 + Level 2.8 Stealth
 + Level 0.0 Shields
 + Level 2.2 Spellcasting
 * Level 3.3 Hexes
 * Level 0.7 Ice Magic


You had 3 spell levels left.
You knew the following spells:

 Your Spells              Type           Power      Damage    Failure   Level
a - Ensorcelled Hibernat  Hex/Ice        16%        N/A       22%         2

Your spell library contained the following spells:

 Spells                   Type           Power      Damage    Failure   Level
 Confusing Touch          Hex            12%        N/A       26%         3
 Tukima's Dance           Hex            12%        N/A       26%         3
 Dazzling Flash           Conj/Hex       14%        N/A       45%         3

Inventory:

Hand Weapons
 a - a +1 dagger (weapon)
Missiles
 g - 9 stones
Armour
 b - a +0 robe (worn)
 d - a +0 buckler (worn)
   (You found it on level 1 of the Dungeon)
Jewellery
 Y - a +4 ring of slaying
   (You found it on level 1 of the Dungeon)
Scrolls
 e - a scroll of vulnerability {unknown}
 h - a scroll of blinking {unknown}
 i - a scroll of identify {unknown}
Potions
 c - 2 potions of invisibility
 f - a potion of heal wounds {unknown}

Dungeon Overview and Level Annotations

Branches:
Dungeon (1/15) Zot: 5278

Altars:

...............# ##...PP.
#.#####...###### ##..P..
#.#####... ############....#
#......... .................
.......... ..............###
#######...#############...†...#
.......# #........# #.......#
.....#.# #........#####.......#
####.#.# #.....g@.'...........#
...#.#.# #........#####......##
#....).# #........# #......#
#......# ########## #......#
#......# ######## #.>....#
#......# ##'#.#.# ##.#.#.#


You could see a gnoll.


Message History

You hit the hobgoblin. The hobgoblin barely misses you.
There are monsters nearby!
You hit the hobgoblin. The hobgoblin hits you.
You block the hobgoblin's attack.
You hit the hobgoblin.
You kill the hobgoblin!
The hobgoblin hits you.
A hobgoblin is nearby! 😮 HP[-7]
You take 7 damage, and now have 13/20 hp.
MASSIVE DAMAGE!! (PAUSE)
Casting: Ensorcelled Hibernation (safe; 22% risk of failure)
Confirm with . or Enter, or press ? or * to list all spells.
Aiming: Ensorcelled Hibernation (safe; 22% risk of failure)
Press: ? - help, Shift-Dir - straight line, f - hobgoblin
Aim: a hobgoblin (chance to affect: 59%)
The hobgoblin looks drowsy... 😮 MP[-2]
You lost 2 mp, and now have 3/5 mp.
Casting: Ensorcelled Hibernation (safe; 22% risk of failure)
Confirm with . or Enter, or press ? or * to list all spells.
You can't see any susceptible monsters within range! (Use Z to cast anyway.) Unknown command.
The helpless hobgoblin fails to defend itself.
You puncture the hobgoblin!
You kill the hobgoblin! 😮 HP[+1]
You now have 44 gold pieces (gained 8).
You now have 52 gold pieces (gained 8).
You open the door.
A gnoll comes into view.
It is wielding a +0 club. 😎 HP[+6] MP[+2]
Your hp is fully restored (20).
Your mp is fully restored (5).
A gnoll is nearby!
There is an open door here.
The gnoll shouts!
A gnoll is nearby!
You hit the gnoll. You block the gnoll's attack.
Casting: Ensorcelled Hibernation (safe; 22% risk of failure)
Confirm with . or Enter, or press ? or * to list all spells.
Aiming: Ensorcelled Hibernation (safe; 22% risk of failure)
Press: ? - help, Shift-Dir - straight line, f - gnoll
Aim: a gnoll, wielding a +0 club (lightly wounded, chance to affect: 50%)
You miscast Ensorcelled Hibernation.
You are very lightly contaminated with residual magic.
Nothing appears to happen.
The gnoll hits you with a +0 club!
You focus on the pain.
You feel your power returning. 😮 HP[-9]
You take 9 damage, and now have 11/20 hp.
MASSIVE DAMAGE!! (PAUSE)
Casting: Ensorcelled Hibernation (safe; 22% risk of failure)
Confirm with . or Enter, or press ? or * to list all spells.
Aiming: Ensorcelled Hibernation (safe; 22% risk of failure)
Press: ? - help, Shift-Dir - straight line, f/p - gnoll
Aim: a gnoll, wielding a +0 club (lightly wounded, chance to affect: 50%)
The gnoll resists with some effort.
The gnoll hits you but does no damage. 😮 MP[-2]
You lost 2 mp, and now have 3/5 mp.
Unknown command.
Casting: Ensorcelled Hibernation (safe; 22% risk of failure)
Confirm with . or Enter, or press ? or * to list all spells.
Aiming: Ensorcelled Hibernation (safe; 22% risk of failure)
Press: ? - help, Shift-Dir - straight line, f/p - gnoll
Aim: a gnoll, wielding a +0 club (lightly wounded, chance to affect: 50%)
The gnoll resists with some effort.
The gnoll hits you with a +0 club.
* * * LOW HITPOINT WARNING * * *
You focus on the pain.
You feel your power returning. 😨 HP[-5] MP[+2]
You take 5 damage, and now have 6/20 hp.
MASSIVE DAMAGE!! (PAUSE)
Your mp is fully restored (5).
Casting: Ensorcelled Hibernation (safe; 22% risk of failure)
Confirm with . or Enter, or press ? or * to list all spells.
Aiming: Ensorcelled Hibernation (safe; 22% risk of failure)
Press: ? - help, Shift-Dir - straight line, f/p - gnoll
Aim: a gnoll, wielding a +0 club (lightly wounded, chance to affect: 50%)
You miscast Ensorcelled Hibernation.
Nothing appears to happen.
The gnoll closely misses you. 😨 MP[-2]
You lost 2 mp, and now have 3/5 mp.
Casting: Ensorcelled Hibernation (safe; 22% risk of failure)
Confirm with . or Enter, or press ? or * to list all spells.
Aiming: Ensorcelled Hibernation (safe; 22% risk of failure)
Press: ? - help, Shift-Dir - straight line, f/p - gnoll
Aim: a gnoll, wielding a +0 club (lightly wounded, chance to affect: 50%)
The gnoll looks drowsy... 😨 MP[-2]
You lost 2 mp, and now have 1/5 mp.
Unknown command.
Casting: Ensorcelled Hibernation (safe; 22% risk of failure)
Confirm with . or Enter, or press ? or * to list all spells.
You don't have enough magic to cast this spell.
The helpless gnoll fails to defend itself.
You puncture the gnoll! The gnoll hits you with a +0 club.
* * * LOW HITPOINT WARNING * * *
😱 HP[-3]
You take 3 damage, and now have 3/20 hp.
Unknown command.
You closely miss the gnoll. The gnoll hits you with a +0 club.
You die...

Skill      XL: |  1  2 |
---------------+-------+-----
Short Blades   | 1 |  1.2
Dodging        | 2 |  2.0
Fighting       | |  0.3
Stealth        | |  2.8
Spellcasting   | |  2.2
Hexes          | |  3.3
Ice Magic      | |  0.7

Action                     || total
---------------------------++-------
  Melee: Dagger            ||    80
         Punch             ||     1
   Cast: Ensorcelled Hiber ||     4
   Stab: Sleeping          ||     7
 Armour: Robe              ||    37
  Dodge: Dodged            ||    46
  Block: Buckler           ||     5

Levels and vault maps discovered:
D:1:      spicycebolla_arrival_clurvy, layout_basic

Notes
Turn   | Place    | Note
-------+----------+-------------------------------------------
     0 | D:1      | kae the Demonspawn Enchanter began the quest for the Orb.
     0 | D:1      | Reached XP level 1. HP: 13/13 MP: 3/3
     0 | D:1      | magus.rc [v1.11.3]
    22 | D:1      | Reached skill level 1 in Short Blades
    52 | D:1      | HP: 3/13 [jackal (1)]
    57 | D:1      | Gained mutation: You sometimes gain a little power by
                  | taking damage. [demonic ancestry]
    57 | D:1      | Reached XP level 2. HP: 6/19 MP: 5/5
    58 | D:1      | HP: 3/19 [kobold/+0 club (3)]
   122 | D:1      | Learned a level 2 spell: Ensorcelled Hibernation
   267 | D:1      | Reached skill level 2 in Dodging
   720 | D:1      | HP: 3/20 [gnoll/+0 club (3)]
   721 | D:1      | Slain by a gnoll

Vanquished Creatures
  A dart slug (D:1)
  A bat (D:1)
  5 endoplasms (D:1)
  2 hobgoblins (D:1)
  4 jackals (D:1)
  A ball python (D:1)
  A frilled lizard (D:1)
  3 kobolds (D:1)
  5 rats (D:1)
23 creatures vanquished.

Table legend:
 A = Non-vault XP
 B = Vault XP
 C = Vault XP percentage of total XP
 D = Non-vault monster count
 E = Vault monster count
 F = Vault count percentage of total count
                 A         B        C        D         E       F
            +---------+---------+-------+---------+---------+-------
      Total |      39 |       0 |   0.0 |      23 |       0 |   0.0
            +---------+---------+-------+---------+---------+-------
        D:1 |      39 |       0 |   0.0 |      23 |       0 |   0.0
            +---------+---------+-------+---------+---------+-------

Skill      XL: |  1  2 |
---------------+-------+-----
Short Blades   | 1 |  1.2
Dodging        | 2 |  2.0
Fighting       | |  0.3
Stealth        | |  2.8
Spellcasting   | |  2.2
Hexes          | |  3.3
Ice Magic      | |  0.7

Action                     || total
---------------------------++-------
  Melee: Dagger            ||    80
         Punch             ||     1
   Cast: Ensorcelled Hiber ||     4
   Stab: Sleeping          ||     7
 Armour: Robe              ||    37
  Dodge: Dodged            ||    46
  Block: Buckler           ||     5

Illustrated notes

Table legend:
 A = Kills in this place as a percentage of kills in the entire game.
 B = Kills by you in this place as a percentage of kills by you in the entire game.
 C = Kills by friends in this place as a percentage of kills by friends in the entire game.
 D = Other kills in this place as a percentage of other kills in the entire game.
 E = Experience gained in this place as a percentage of experience gained in the entire game.
 F = Experience gained in this place divided by the number of levels of this place that you have seen.
                   A       B       C       D       E      F
               +-------+-------+-------+-------+-------+----------------------
         Total | 100.0 | 100.0 |   N/A |   N/A | 100.0 |  39.0
       Dungeon | 100.0 | 100.0 |   N/A |   N/A | 100.0 |  39.0
               +-------+-------+-------+-------+-------+----------------------

Table legend: (Time is in decaauts)
 A = Elapsed time spent in this place.
 B = Non-inter-level travel time spent in this place.
 C = Inter-level travel time spent in this place.
 D = Time resting spent in this place.
 E = Time spent auto-exploring this place.
 F = Levels seen in this place.
 G = Mean time per level.
                   A        B        C        D        E       F      G
               +--------+--------+--------+--------+--------+-----+--------+
         Total |    720 |    720 |      0 |     41 |    493 |   1 |  720.0 |
       Dungeon |    720 |    720 |      0 |     41 |    493 |   1 |  720.0 |
               +--------+--------+--------+--------+--------+-----+--------+

Top non-repeatable levels by time:
     D:1: 720 daAuts
